 Dungeon Crawl Stone Soup version 0.19.0 (webtiles) character file.

12952 unimpressed the Arsonist (level 11, -3/86 HPs)
             Began as a Grey Draconian Fire Elementalist on Nov 8, 2016.
             Was an Elder of Vehumet.
             Slain by a river rat (6 damage)
             ... summoned by Gastronok
             ... on level 11 of the Dungeon.
             The game lasted 00:44:30 (18426 turns).

unimpressed the Arsonist (DrFE)                    Turns: 18426, Time: 00:44:31

Health: -3/86      AC: 16    Str: 12    XL:     11   Next: 69%
Magic:  11/14      EV: 17    Int: 18    God:    Vehumet [****..]
Gold:   548        SH:  0    Dex: 11    Spells: 4 memorised, 1 level left

rFire  + . .     SeeInvis +     u - staff of fire
rCold  . . .     Gourm    .     (armour unavailable)
rNeg   . . .     Faith    .     (no shield)
rPois  +         Spirit   .     (helmet restricted)
rElec  +         Reflect  .     x - +0 cloak
rCorr  .         Harm     .     Z - +2 pair of gloves
MR     .....                    (no boots)
Stlth  ++........               P - amulet of the Air {Inacc +Fly rElec EV+5 RMsl}
                                V - ring of see invisible
                                M - ring of poison resistance

@: repel missiles
A: walk through water, unfitting armour, unbreathing, cold-blooded, AC +12
a: Renounce Religion, Evoke Flight


You were on level 11 of the Dungeon.
You worshipped Vehumet.
Vehumet was greatly pleased with you.
You were very hungry.

You visited 3 branches of the dungeon, and saw 13 of its levels.

You collected 548 gold pieces.

Inventory:

Hand Weapons
 O - a +2 flail of venom
Missiles
 i - 341 stones (quivered)
Armour
 x - a +0 cloak (worn)
 Z - a +2 pair of gloves (worn)
Magical Staves
 u - an uncursed staff of fire (weapon)
Jewellery
 t - a cursed ring of loudness {unknown}
 C - an uncursed ring of resist corrosion
 M - a ring of poison resistance (left hand)
 P - the amulet of the Air (around neck) {Inacc +Fly rElec EV+5 RMsl}
   (You found it on level 6 of the Dungeon)

   [amulet of inaccuracy]

   It reduces the accuracy of all your attacks.
   It affects your evasion (+5).
   It insulates you from electricity.
   It lets you fly.
   It protects you from missiles.
 Q - an uncursed ring of protection from cold
 R - an uncursed ring of protection from fire
 V - a ring of see invisible (right hand)
Wands
 d - a wand of heal wounds (9/9)
 l - a wand of digging (13/24)
 n - a wand of hasting (2/9)
 A - a wand of acid (0/15)
 J - a wand of confusion (13/48)
 K - a wand of flame (23/48)
 X - a wand of iceblast (4/15)
Scrolls
 e - 4 scrolls of identify
 j - a scroll of enchant weapon {unknown}
 m - a scroll of teleportation {unknown}
 o - 7 scrolls of amnesia
 p - a scroll of blinking
 q - 2 scrolls of fear
 y - a scroll of noise {unknown}
 B - 3 scrolls of magic mapping
 E - 4 scrolls of remove curse
 L - 2 scrolls of vulnerability {unknown}
 N - 2 scrolls of fog {unknown}
 U - a scroll of summoning {unknown}
Potions
 g - a potion of cancellation
 k - 3 potions of resistance
 v - 2 potions of heal wounds
 w - 3 potions of curing
 z - a potion of magic
 D - a potion of might
 F - a potion of flight
 G - 2 potions of berserk rage
 H - 2 potions of cure mutation
 I - 3 potions of agility
 S - a potion of ambrosia
 W - 2 potions of invisibility
Books
 a - a book of Flames

   Spells                             Type                      Level
   a - Flame Tongue                   Conjuration/Fire             1
   b - Throw Flame                    Conjuration/Fire             2
   c - Conjure Flame                  Conjuration/Fire             3
   d - Inner Flame                    Hexes/Fire                   3
   e - Sticky Flame                   Conjuration/Fire             4
   f - Fireball                       Conjuration/Fire             5
 s - a book of Geomancy

   Spells                             Type                      Level
   a - Sandblast                      Earth                        1
   b - Passwall                       Transmutation/Earth          2
   c - Stone Arrow                    Conjuration/Earth            3
   d - Petrify                        Transmutation/Earth          4
   e - Lee's Rapid Deconstruction     Earth                        5
Comestibles
 b - 8 bread rations
 c - 6 meat rations
 f - 11 royal jellies
 h - 13 fruits
 r - 6 slices of pizza


   Skills:
 + Level 5.0 Fighting
 - Level 1.7 Dodging
 - Level 1.7 Stealth
 - Level 2.0 Spellcasting
 + Level 12.7 Conjurations
 + Level 12.9 Fire Magic


You had one spell level left.
You knew the following spells:

 Your Spells              Type           Power        Failure   Level  Hunger
a - Flame Tongue          Conj/Fire      #####        1%          1    #......
b - Conjure Flame         Conj/Fire      ######..     1%          3    ###....
c - Sticky Flame          Conj/Fire      ######..     1%          4    #####..
d - Fireball              Conj/Fire      ######....   1%          5    ######.


Dungeon Overview and Level Annotations

Branches:
Dungeon (11/15)            Temple (1/1) D:4            Lair (1/6) D:11
    Orc: D:9-12

Altars:
Ashenzari
Cheibriados
Dithmenos
Elyvilon
Fedhas
Gozag
Hepliaklqana
Kikubaaqudgha
Makhleb
Nemelex Xobeh
Okawaru
Qazlal
Ru
Sif Muna
Trog
Uskayaw
Vehumet
Xom
Yredelemnul
Zin
The Shining One
Jiyva

Shops:
D:5 !

Annotations:
D:11 Gastronok
Lair:1 mhoghedin's ghost, novice HaHu


Innate Abilities, Weirdness & Mutations

You can walk through water.
Your dull iron-grey scales are very hard. (AC +12)
You cannot fit into any form of body armour.
You can survive without breathing.
You are cold-blooded and may be slowed by cold attacks.


Message History

The river rat bites you but does no damage.
The rat misses you.
You hit Gastronok but do no damage. You burn Gastronok!
Gastronok is severely wounded.
Gastronok burns!
Gastronok stops burning.
The bat completely misses you. The bat barely misses you.
The bat hits the plant but does no damage. x2
The river rat barely misses you.
The bat hits the plant but does no damage.
The rat bites you but does no damage. Gastronok bites you!!!
* * * LOW HITPOINT WARNING * * *
The river rat bites you but does no damage.
The bat hits the plant but does no damage.
You hit Gastronok but do no damage. You burn Gastronok!
Gastronok is severely wounded.
The bat closely misses you. The bat barely misses you. The bat misses you.
The bat hits the plant.
The rat completely misses you.
The bat hits the plant but does no damage.
The bat closely misses you. The river rat bites you.
You die...

#########.####(#### #
#........(((..## #
#.###########..# # #.#
##.# # #.# #.# # #.#
###.### # #.# ###.....###
#####.# ##...P...P.##
<.....#######..r@w.PPP.P#
#####..........bbrPPPPPP#
......#####....PPP....PP#
####### ##.PPPPP..>.PP#


##PPPPPPP..PP# ##PPPPPPPPP## ########### You could see Gastronok, a river rat, 2
bats and a rat.

Vanquished Creatures
  3 hill giants
  A cyclops (D:10)
  A gargoyle (D:11)
  2 komodo dragons
  3 trolls
  2 two-headed ogres
  Prince Ribbit (D:6)
  A hippogriff (D:8)
  14 yaks
  A hungry ghost (D:8)
  A water moccasin (D:10)
  A porcupine (Lair:1)
  7 orc warriors
  A black bear (Lair:1)
  A phantom (D:11)
  2 sky beasts
  3 ice beasts
  5 ogres
  6 wolves
  13 centaurs
  2 crocodiles
  6 bullfrogs
  A wyvern skeleton (D:10)
  6 scorpions
  8 wights
  4 howler monkeys
  4 crimson imps
  A quasit (D:8)
  A centaur zombie (D:8)
  4 hounds
  8 orc priests
  4 bullfrog skeletons
  4 jellies (D:8)
  2 centaur skeletons
  15 orc wizards
  Natasha (twice) (D:2 D:1)
  4 iguanas
  7 worker ants
  A hound skeleton (D:10)
  A worker ant zombie (D:10)
  13 adders
  13 gnolls
  A howler monkey skeleton (D:11)
  3 shadow imps
  6 oozes
  2 adder skeletons (D:4)
  2 adder zombies (D:8)
  2 worms (D:2)
  2 dart slugs
  9 leopard geckos
  47 orcs
  A bat skeleton (D:2)
  8 giant cockroaches
  5 goblins
  9 hobgoblins
  8 jackals
  10 kobolds
  4 quokkas
  2 ball pythons
  9 bats
  6 frilled lizards
  A goblin skeleton (D:8)
  A jackal zombie (D:6)
  2 kobold skeletons (D:8)
  2 kobold zombies (D:8)
  A leopard gecko zombie (D:5)
  An orc skeleton (D:8)
  3 orc zombies (D:8)
  A quokka skeleton (D:5)
  2 quokka zombies
  8 rats
338 creatures vanquished.

Vanquished Creatures (others)
  An orc wizard (D:10)
  A plant (D:11)
2 creatures vanquished.

Grand Total: 340 creatures vanquished

Notes
Turn   | Place    | Note
-------+----------+-------------------------------------------
     0 | D:1      | unimpressed the Draconian Fire Elementalist began the quest for the Orb.
     0 | D:1      | Reached XP level 1. HP: 14/14 MP: 3/3
   677 | D:1      | Reached XP level 2. HP: 20/20 MP: 3/5
  1182 | D:2      | Found a faded altar of an unknown god.
  1212 | D:2      | Reached skill level 2 in Conjurations
  1306 | D:2      | Found a burning altar of Makhleb.
  1379 | D:2      | Noticed Natasha
  1388 | D:2      | Killed Natasha
  1388 | D:2      | Reached XP level 3. HP: 6/26 MP: 0/6
  1445 | D:2      | Learned a level 3 spell: Conjure Flame
  1821 | D:2      | Reached XP level 4. HP: 29/33 MP: 0/7
  1909 | D:2      | Reached skill level 3 in Conjurations
  1971 | D:2      | Reached skill level 4 in Fire Magic
  2605 | D:3      | Reached XP level 5. HP: 38/38 MP: 6/8
  2785 | D:2      | Noticed Natasha
  3076 | D:1      | Killed Natasha
  3203 | D:3      | Reached skill level 4 in Conjurations
  3581 | D:2      | Reached skill level 5 in Fire Magic
  3698 | D:3      | Learned a level 4 spell: Sticky Flame
  4330 | D:4      | Reached XP level 6. HP: 23/45 MP: 1/9
  4699 | D:4      | Found a staircase to the Ecumenical Temple.
  4704 | Temple   | Entered the Ecumenical Temple
  4884 | D:5      | Entered Level 5 of the Dungeon
  4911 | D:5      | Noticed a hand axe
  4912 | D:5      | Noticed a dagger
  5173 | D:5      | Reached skill level 5 in Conjurations
  5348 | D:5      | Reached skill level 6 in Fire Magic
  5348 | D:5      | Your scales start taking on a dull iron-grey colour.
  5348 | D:5      | Reached XP level 7. HP: 40/50 MP: 5/10
  5348 | D:5      | Gained mutation: You can survive without breathing. [Grey Draconian growth]
  5624 | D:5      | Found Kuth's Distillery.
  6017 | D:5      | Found a hide-covered altar of Uskayaw.
  6200 | D:4      | Reached skill level 6 in Conjurations
  6325 | Temple   | Became a worshipper of Vehumet
  6549 | D:6      | Reached skill level 7 in Fire Magic
  6622 | D:6      | Reached XP level 8. HP: 32/57 MP: 4/11
  6635 | D:6      | Noticed Prince Ribbit
  6970 | D:5      | Reached skill level 7 in Conjurations
  7268 | D:6      | Found a faded altar of an unknown god.
  7268 | D:6      | Found a faded altar of an unknown god.
  7308 | D:6      | Found a faded altar of an unknown god.
  7310 | D:6      | Found a faded altar of an unknown god.
  7311 | D:6      | Found an iron altar of Okawaru.
  7570 | D:6      | Found a shadowy altar of Dithmenos.
  7576 | D:6      | Reached skill level 8 in Fire Magic
  7577 | D:6      | Reached * piety under Vehumet
  7577 | D:6      | Offered knowledge of Shock by Vehumet.
  7988 | D:6      | Reached skill level 8 in Conjurations
  8073 | D:6      | Killed Prince Ribbit
  8267 | D:6      | Reached XP level 9. HP: 62/62 MP: 6/12
  8407 | D:7      | Reached skill level 9 in Fire Magic
  9143 | D:7      | Reached skill level 9 in Conjurations
  9514 | D:7      | Found a shimmering altar of Xom.
 10026 | D:8      | Found a glowing golden altar of the Shining One.
 10230 | D:8      | Reached skill level 10 in Fire Magic
 10339 | D:8      | Reached ** piety under Vehumet
 10402 | D:8      | Offered knowledge of Sting by Vehumet.
 10562 | D:8      | Reached skill level 10 in Conjurations
 10654 | D:8      | Found a deep blue altar of Sif Muna.
 10951 | D:8      | Identified Sif Muna's Papyrus of Conjuration
 11059 | D:8      | Reached XP level 10. HP: 39/69 MP: 8/13
 11255 | D:8      | Offered knowledge of Ignite Poison by Vehumet.
 11417 | D:8      | Found a viscous altar of Jiyva.
 11769 | D:9      | Reached skill level 11 in Fire Magic
 11964 | D:9      | Reached *** piety under Vehumet
 12491 | D:9      | Found an ancient bone altar of Kikubaaqudgha.
 12495 | D:9      | Found a sacrificial altar of Ru.
 12579 | D:9      | Reached skill level 11 in Conjurations
 12987 | D:10     | Entered Level 10 of the Dungeon
 13218 | D:10     | Noticed a hill giant
 13604 | D:10     | Offered knowledge of Fulminant Prism by Vehumet.
 13686 | D:10     | Noticed a hill giant
 13704 | D:10     | Killed a hill giant
 13704 | D:10     | Reached skill level 12 in Fire Magic
 14085 | D:10     | Reached XP level 11. HP: 37/74 MP: 6/14
 14260 | D:10     | Learned a level 5 spell: Fireball
 14498 | D:10     | Found a stormy altar of Qazlal.
 14680 | D:10     | Killed a hill giant
 14680 | D:10     | Reached skill level 1 in Fighting
 14680 | D:10     | Reached skill level 12 in Conjurations
 15122 | D:11     | Found a staircase to the Lair.
 15142 | D:11     | Reached **** piety under Vehumet
 15187 | D:11     | Reached skill level 2 in Fighting
 15395 | D:11     | Offered knowledge of Yara's Violent Unravelling by Vehumet.
 15404 | D:11     | Noticed a hill giant
 15424 | D:11     | Killed a hill giant
 15424 | D:11     | Reached skill level 3 in Fighting
 16737 | D:11     | Reached skill level 4 in Fighting
 17515 | Lair:1   | Entered Level 1 of the Lair of Beasts
 18213 | Lair:1   | Reached skill level 5 in Fighting
 18214 | Lair:1   | Noticed Gastronok
 18221 | Lair:1   | Noticed mhoghedin's ghost (novice HaHu)
 18425 | D:11     | HP: 3/86 [Gastronok (39)]
 18426 | D:11     | Slain by a river rat

Skill      XL: |  1  2  3  4  5  6  7  8  9 10 11 |
---------------+----------------------------------+-----
Conjurations   | 2 3 4 5 6 8 10 11 12 | 12.7
Fire Magic     | 4 5 6 7 8 10 12 | 12.9
Fighting       | 5 |  5.0
Dodging        | |  1.7
Stealth        | |  1.7
Spellcasting   | |  2.0

Action                   |  1- 3 |  4- 6 |  7- 9 | 10-12 || total
-------------------------+-------+-------+-------+-------++-------
Melee: Dagger            |     7 |    56 |    17 |       ||    80
       Tailslap          |     4 |     3 |     9 |    22 ||    38
       Flail             |       |       |   102 |   253 ||   355
       Staff             |       |       |       |    45 ||    45
 Cast: Flame Tongue      |    49 |   178 |   276 |   431 ||   934
       Conjure Flame     |       |     2 |     2 |     4 ||     8
       Sticky Flame      |       |       |    25 |    35 ||    60
Evoke: Wand              |       |     1 |     3 |       ||     4
  Use: Scroll            |       |     7 |    10 |     6 ||    23
 Stab: Sleeping          |       |       |       |     1 ||     1
  Eat: Chunk             |     4 |    14 |    26 |    33 ||    77
       Beef jerky        |       |       |     1 |     1 ||     2
       Royal jelly       |       |       |     1 |       ||     1
       Pizza             |       |       |       |     1 ||     1
Armor: Skin              |     6 |    66 |   147 |   217 ||   436
Dodge: Dodged            |    15 |   122 |   311 |   589 ||  1037
       Deflected         |       |       |     1 |    10 ||    11
